 Dungeon Crawl Stone Soup version 0.24-a0-779-g36f0aeb (webtiles) character file.

Game seed: 225390232833759232, levelgen mode: deterministic

61 2tousent the Sneak (level 3, -2/19 HPs)
             Began as a Vampire Enchanter on Oct 8, 2019.
             Slain by an orc wizard
             ... wielding a +0 dagger
              (4 damage)
             ... on level 3 of the Dungeon.
             The game lasted 00:06:15 (1683 turns).

2tousent the Sneak (Vampire Enchanter)              Turns: 1683, Time: 00:06:15

Health: -2/19      AC:  4    Str:  7    XL:     3   Next: 83%
Magic:  0/6        EV: 13    Int: 17    God:
Gold:   116        SH:  0    Dex: 15    Spells: 4/6 levels left

rFire    . . .     SeeInvis +   a - +1 dagger
rCold    + + .     Gourm    .   (no shield)
rNeg     + + +     Faith    .   b - +0 robe
rPois    ∞         Spirit   .   (no helmet)
rElec    .         Reflect  .   j - +0 cloak
rCorr    .         Harm     .   g - +0 pair of gloves (curse)
MR       .....                  (no boots)
Stlth    +++.......             (no amulet)
HPRegen  0.00/turn              (no ring)
MPRegen  0.10/turn              (no ring)

@: confused, bloodless, regenerating quickly
A: no food, fangs 3, see invisible, unbreathing
a: Bat Form, Revivify


You were on level 3 of the Dungeon.
You were bloodless.

You visited 1 branch of the dungeon, and saw 3 of its levels.

You collected 116 gold pieces.

Inventory:

Hand Weapons
 a - a +1 dagger (weapon)
Armour
 b - a +0 robe (worn)
 g - a cursed +0 pair of gloves (worn)
 j - a +0 cloak (worn)
Wands
 e - a wand of polymorph (5)
Scrolls
 c - 2 scrolls of teleportation
 h - 2 scrolls of noise
 o - 2 scrolls of remove curse {unknown}
 p - 2 scrolls of identify {unknown}
Potions
 d - a potion of curing {unknown}
 f - 4 potions of agility {unknown}
 i - 2 potions of brilliance {unknown}
 k - a potion of flight {unknown}
 l - 2 potions of lignification {unknown}
 m - a potion of heal wounds {unknown}
 n - a potion of magic {unknown}
 q - a potion of might {unknown}


   Skills:
 * Level 2.3 Short Blades
 - Level 2.1 Dodging
 * Level 5.4 Stealth
 + Level 2.2 Spellcasting
 * Level 5.3 Hexes


You had 4 spell levels left.
You knew the following spells:

 Your Spells              Type           Power        Failure   Level  Hunger
a - Ensorcelled Hibernat  Hex/Ice        ##....       10%         2    N/A

Your spell library contained the following spells:

 Spells                   Type           Power        Failure   Level  Hunger
 Corona                   Hex            ###....      1%          1    N/A
 Confuse                  Hex            ###.....     6%          3    N/A
 Tukima's Dance           Hex            ###.....     6%          3    N/A
 Dazzling Spray           Conj/Hex       ##....       19%         3    N/A

Dungeon Overview and Level Annotations

Branches:
Dungeon (3/15)

Altars:
Ashenzari
Hepliaklqana
Ru


Innate Abilities, Weirdness & Mutations

You do not eat.
You do not regenerate when monsters are visible.
You are frail without blood (-20% HP).
You are immune to poison.
You have razor-sharp teeth.
You have supernaturally acute eyesight. (SInv)
You can survive without breathing.


Message History

Confirm with . or Enter, or press ? or * to list all spells.
Aiming: Ensorcelled Hibernation (safe; 10% risk of failure)
Press: ? - help, Shift-Dir - straight line, f/p - orc wizard
Aim: an orc wizard, wielding a +0 dagger and wearing a +0 robe (slightly transparent, chance to defeat MR: 42%)
The orc wizard resists with some effort.
The orc wizard casts a spell at you. You resist with some effort.
You hit the orc wizard.
The orc wizard is lightly wounded.
The orc wizard hits you but does no damage.
You closely miss the orc wizard.
The orc wizard is lightly wounded.
The orc wizard hits you but does no damage.
You hit the orc wizard.
The orc wizard is moderately wounded.
The orc wizard gestures at you while chanting.
You are confused.
You bump into the rock wall.
The orc wizard hits you with a +0 dagger.
You die...

#####.#.###.......?..
#.$.....)...(...# .
#..#!##.†.#.....##.#
#..#!...)...........
#..#.#..............
...#.#.!...#..####.
.##.#.##...##..# #.
#.#......%...# ##.##
#
#.#.###@###.##.....#
#.# #o# #..o.o...o #.
#o# #..!..._.#
#$?..o).o.........
#####....._..⌠....
#.###......... ....
......l_.. ####
#........o #.......#.


You could see an orc wizard (invisible) and 2 orcs.

Vanquished Creatures
  An adder (D:3)
  A dart slug (D:1)
  A leopard gecko (D:1)
  An orc (D:3)
  4 bats
  A giant cockroach (D:2)
  4 goblins
  8 hobgoblins
  8 jackals
  4 kobolds (D:2)
  A quokka (D:2)
  A ball python (D:3)
  5 frilled lizards
  2 rats
42 creatures vanquished.

Notes
Turn   | Place    | Note
-------+----------+-------------------------------------------
     0 | D:1      | 2tousent the Vampire Enchanter began the quest for the Orb.
     0 | D:1      | Reached XP level 1. HP: 13/13 MP: 3/3
   247 | D:1      | Reached XP level 2. HP: 19/19 MP: 5/5
   500 | D:1      | Reached skill level 5 in Stealth
   815 | D:1      | Learned a level 2 spell: Ensorcelled Hibernation
   879 | D:2      | Reached skill level 5 in Hexes
   966 | D:2      | Reached XP level 3. HP: 14/19 MP: 6/6
  1640 | D:3      | Found a hazy altar of Hepliaklqana.
  1645 | D:3      | Found a sacrificial altar of Ru.
  1646 | D:3      | Found a shattered altar of Ashenzari.
  1683 | D:3      | Slain by an orc wizard

Levels and vault maps discovered:
D:1:      evilmike_arrival_crescent, layout_loops_ring
D:2:      layout_loops_ring
D:3:      layout_loops_ring, grunt_temple_overflow_open,
          lemuel_zombie_altar_yredelemnul, led_xom_imps

Skill      XL: |  1  2 |
---------------+-------+-----
Stealth        | 5 |  5.4
Hexes          | 5 |  5.3
Short Blades   | 2 |  2.3
Dodging        | |  2.1
Spellcasting   | |  2.2

Action                   || total
-------------------------++-------
Melee: Dagger            ||   129
       Bite              ||     9
 Cast: Corona            ||     1
       Ensorcelled Hiber ||     3
 Abil: Exsanguinate      ||     1
  Use: Scroll            ||     5
 Stab: Sleeping          ||    19
       Distracted        ||     2
Armor: Robe              ||    23
Dodge: Dodged            ||    67

Table legend:
 A = Non-vault XP
 B = Vault XP
 C = Vault XP percentage of total XP
 D = Non-vault monster count
 E = Vault monster count
 F = Vault count percentage of total count
                 A         B        C        D         E       F
            +---------+---------+-------+---------+---------+-------
      Total |      88 |       0 |   0.0 |      42 |       0 |   0.0
            +---------+---------+-------+---------+---------+-------
        D:1 |      32 |       0 |   0.0 |      17 |       0 |   0.0
        D:2 |      35 |       0 |   0.0 |      19 |       0 |   0.0
        D:3 |      21 |       0 |   0.0 |       6 |       0 |   0.0
            +---------+---------+-------+---------+---------+-------
